 Dungeon Crawl Stone Soup version 0.29.1-2-gbd0b4ee654 (webtiles) character file.

Game seed: 18332046410794456967

10628 mortz the Thaumaturge (level 11, 0/67 HPs)
             Began as a Kobold Earth Elementalist on Nov 23, 2022.
             Was an Initiate of Gozag.
             Slain by a black mamba (11 damage)
             ... on level 1 of the Lair of Beasts.
             The game lasted 01:06:36 (16983 turns).

mortz the Thaumaturge (Kobold Earth Elementalist)  Turns: 16983, Time: 01:06:37

Health: 0/67       AC: 12    Str:  6    XL:     11   Next: 96%
Magic:  20/25      EV: 14    Int: 26    God:    Gozag
Gold:   423        SH:  0    Dex: 16    Spells: 19/30 levels left

rFire   . . .      SeeInvis .   a - staff of earth
rCold   . . .      Faith    .   (shield currently unavailable)
rNeg    . . .      Spirit   .   x - +3 leather armour
rPois   .          Reflect  .   (no helmet)
rElec   .          Harm     .   k - +1 cloak
rCorr   .          Rampage  .   F - +1 pair of gloves
Will    .....                   A - +1 pair of boots
Stlth   +++++.....              S - amulet of the acrobat
HPRegen 0.21/turn               T - +6 ring of intelligence
MPRegen 0.19/turn               C - ring of wizardry

@: marked
A: small, no large weapons, nightstalker 3
a: Renounce Religion, Potion Petition, Call Merchant, Bribe Branch


You were on level 1 of the Lair of Beasts.
You worshipped Gozag.
Gozag was aware of your devotion.
You visited 3 branches of the dungeon, and saw 12 of its levels.

You collected 1867 gold pieces.
You spent 1357 gold pieces at shops.
You paid 87 gold pieces to Gozag.

Inventory:

Hand Weapons
 b - a +9 quick blade
 o - a +5 short sword
 s - a +4 spear of freezing
 J - the +2 dagger "Faabu" {flame, Drain rC- Str+2 Dex+9}
   (You bought it in a shop on level 4 of the Dungeon)

   It burns those it strikes, dealing additional fire damage.
   Str:       It affects your strength (+2).
   Dex:       It affects your dexterity (+9).
   rC:        It makes you vulnerable to cold.
   Drain:     It drains your maximum health when unequipped.
 K - a +4 flail
 N - a +1 dagger of draining
 P - a +4 scimitar of freezing
 U - a +2 dagger of venom
 W - a +3 hand axe
Missiles
 h - 8 boomerangs
 l - 23 poisoned darts
 m - 3 datura-tipped darts
Armour
 g - a +0 robe
 k - a +1 cloak (worn)
 n - a +0 ring mail
 q - a +0 leather armour
 t - a +0 scale mail of poison resistance
 x - a +3 leather armour (worn)
 y - a +0 scale mail
 A - a +1 pair of boots (worn)
 F - a +1 pair of gloves (worn)
 Y - the +3 leather armour "Jetufah" {rElec rC- Str+5 Stlth-}
   (You found it on level 10 of the Dungeon)

   Str:       It affects your strength (+5).
   rC:        It makes you vulnerable to cold.
   rElec:     It insulates you from electricity.
   Stlth:     It makes you less stealthy.
Magical Staves
 a - a staff of earth (weapon)
 p - a staff of death
Jewellery
 u - a +4 ring of evasion
 C - a ring of wizardry (right hand)
 G - a ring of positive energy
 I - a +6 ring of strength
 S - an amulet of the acrobat (around neck)
 T - a +6 ring of intelligence (left hand)
 V - a ring of poison resistance
Wands
 E - a wand of charming (12)
 L - a wand of flame (16)
Scrolls
 c - a scroll of magic mapping
 r - 2 scrolls of blinking
 v - a scroll of enchant weapon
 B - 3 scrolls of butterflies
 M - a scroll of silence
 Q - a scroll of poison {unknown}
 R - 4 scrolls of teleportation
Potions
 e - a potion of flight
 f - 2 potions of haste
 i - 4 potions of mutation
 j - 6 potions of curing
 w - a potion of invisibility
 z - 2 potions of attraction
 D - a potion of might
 H - a potion of berserk rage
 O - a potion of ambrosia


   Skills:
 + Level 7.4 Fighting
 + Level 3.0 Short Blades
 + Level 2.4 Armour
 - Level 2.4 Dodging
 + Level 10.1 Stealth
 * Level 10.1 Spellcasting
 - Level 4.6 Conjurations
 - Level 1.0 Hexes
 - Level 1.0 Transmutations
 - Level 1.0 Ice Magic
 + Level 2.3 Air Magic
 + Level 9.8 Earth Magic


You had 19 spell levels left.
You knew the following spells:

 Your Spells              Type           Power      Damage    Failure   Level
a - Sandblast             Erth           100%       2d20      1%          1
h - Ensorcelled Hibernat  Hex/Ice        36%        N/A       2%          2
p - Passwall              Tmut/Erth      48%        N/A       1%          2
s - Stone Arrow           Conj/Erth      100%       3d13      1%          3
S - Swiftness             Air            25%        N/A       3%          3

Your spell library contained the following spells:

 Spells                   Type           Power      Damage    Failure   Level
 Magic Dart               Conj           100%       1d8       1%          1
 Searing Ray              Conj           74%        2d7       1%          2
 Dazzling Flash           Conj/Hex       56%        N/A       2%          3
 Petrify                  Tmut/Erth      58%        N/A       3%          4
 Scorch                   Fire           26%        2d6       4%          2
 Fulminant Prism          Conj/Hex       14%        3d9       9%          4
 Flame Wave               Conj/Fire      25%        2d8       11%         4
 Silence                  Hex/Air        11%        N/A       34%         5
 Agony                    Necr           13%        N/A       56%         5
 Summon Forest            Summ/Tloc      6%         N/A       56%         5
 Eringya's Noxious Bog    Tmut/Pois      7%         N/A       96%         6
 Summon Cactus Giant      Summ           6%         N/A       98%         6
 Summon Hydra             Summ           6%         N/A       100%        7


Dungeon Overview and Level Annotations

Branches:
Dungeon (10/15) Zot: 24797  Temple (1/1) D:4 Zot: 5670    Lair (1/5) D:8 Zot: 5710
    Orc (0/2) D:10

Altars:
Ashenzari
Cheibriados
Dithmenos
Elyvilon
Fedhas
Gozag
Hepliaklqana
Kikubaaqudgha
Makhleb
Nemelex Xobeh
Okawaru
Qazlal
Ru
Sif Muna
Trog
Uskayaw
Vehumet
Wu Jian
Xom
Yredelemnul
Zin
The Shining One

Shops:
D:4 *(*[   D:5 ?   D:6 *

Annotations:
D:2 Sigmund
D:4 1 runed translucent door, llahlahkje's ghost, amateur DsMo


Innate Abilities, Weirdness & Mutations

You are small and have problems with some larger weapons.
You are completely attuned to the shadows.


Message History

The cane toad stings you.
You feel a surge of power!
The blast of sand hits the cane toad.
The cane toad is heavily wounded.
You feel very sick.
A black mamba comes into view.
The cane toad barely misses you. The cane toad attacks as you move away!
The cane toad barely misses you.
You feel sick. The cane toad misses you.
You feel sick. The cane toad attacks as you move away!
The cane toad barely misses you. The bullfrog attacks as you move away!
The bullfrog misses you.
You feel sick.
The black mamba attacks as you move away!
The black mamba bites you!
* * * LOW HITPOINT WARNING * * *
You feel sick. The bullfrog misses you. The black mamba barely misses you.
The black mamba attacks as you move away!
The black mamba misses you.
You feel sick.
You feel sick. The black mamba closely misses you. The bullfrog misses you.
The black mamba attacks as you move away!
The black mamba completely misses you. The bullfrog attacks as you move away!
The bullfrog closely misses you.
You feel sick.
You are no longer poisoned.
The black mamba barely misses you. The cane toad stings you.
* * * LOW HITPOINT WARNING * * *
The bullfrog releases a deep croak.
The bullfrog completely misses you. The black mamba misses you.
The black mamba attacks as you move away!
The black mamba barely misses you. The black mamba misses you.
The black mamba attacks as you move away!
The black mamba bites you!
* * * LOW HITPOINT WARNING * * *
The black mamba completely misses you.
You feel better. The black mamba closely misses you. The black mamba bites you!
* * * LOW HITPOINT WARNING * * *
You are lethally poisoned!
The black mamba poisons you!
You are too injured to fight recklessly!
You feel better. The black mamba bites you!
You die...
Your body crumbles into a pile of gold.

##........## ## ## ##.
##........##P#####..##..
###..........#P#.......
#....................
###..................
##.................
##F...............
##SF..............
#@##..............
##########..#.#...
######... ##.. #... ##..
#.. #.. ###


You could see a black mamba, a cane toad and a bullfrog.

Vanquished Creatures
  A deep elf zephyrmancer (D:10)
  A cane toad (Lair:1)
  A kobold demonologist (D:10)
  A hornet (D:9)
  A merfolk (D:10)
  A vampire (D:10)
  21 yaks
  A wyvern (D:7)
  2 steam dragons
  6 water moccasins
  Duvessa (D:4)
  2 ice beasts
  An orc warrior (D:8)
  2 black bears (D:8)
  3 ogres
  2 centaurs
  2 phantoms
  9 bullfrogs
  4 necrophages
  2 kobold brigands
  5 scorpions
  19 wights
  Dowan (D:4)
  10 killer bees
  A howler monkey (D:5)
  A bullfrog zombie (D:4)
  A human zombie (D:4)
  4 jellies
  4 hounds
  8 orc priests
  2 gnoll boudas
  Jessica (D:2)
  2 iguanas
  8 orc wizards
  A scorpion zombie (D:4)
  A polar bear simulacrum (Lair:1)
  A wolf simulacrum (Lair:1)
  2 hound zombies (D:4)
  3 mummies (D:4)
  11 gnolls
  4 adders
  A shadow imp (D:7)
  2 ufetubi
  An adder zombie (D:4)
  2 worms
  2 dart slugs
  38 orcs
  9 ball pythons
  An endoplasm (D:4)
  3 giant cockroaches
  6 goblins
  2 hobgoblins
  5 jackals (D:1)
  2 quokkas (D:4)
  7 bats
  3 frilled lizards
  12 kobolds
  3 rats
253 creatures vanquished.

Vanquished Creatures (others)
  10 fungi (D:8)
  11 plants
21 creatures vanquished.

Grand Total: 274 creatures vanquished

Notes
Turn   | Place    | Note
-------+----------+-------------------------------------------
     0 | D:1      | mortz the Kobold Earth Elementalist began the quest for the
                  | Orb.
     0 | D:1      | Reached XP level 1. HP: 10/10 MP: 3/3
   383 | D:1      | Reached XP level 2. HP: 16/16 MP: 3/5
   832 | D:1      | Reached skill level 1 in Fighting
   832 | D:1      | Reached XP level 3. HP: 20/20 MP: 5/7
   837 | D:1      | Learned a level 2 spell: Passwall
  1680 | D:2      | Noticed Sigmund
  2118 | D:2      | Noticed Jessica
  2127 | D:2      | Killed Jessica
  2128 | D:2      | Reached XP level 4. HP: 25/25 MP: 4/8
  3006 | D:3      | Noticed a scorpion
  3012 | D:3      | Killed a scorpion
  3013 | D:3      | Reached XP level 5. HP: 18/30 MP: 6/10
  3908 | D:4      | Found Wanayl's Armour Shop.
  3912 | D:4      | Noticed an ogre
  4045 | D:4      | Killed an ogre
  4046 | D:4      | Reached XP level 6. HP: 5/36 MP: 7/12
  4321 | D:4      | You fall into a shaft and drop 2 floors!
  4730 | D:6      | Reached XP level 7. HP: 40/40 MP: 8/13
  4806 | D:5      | Entered Level 5 of the Dungeon
  4826 | D:5      | Found Xaomappo's Magic Scroll Shop.
  4850 | D:5      | Reached skill level 5 in Earth Magic
  4960 | D:5      | Found a blossoming altar of Fedhas.
  4996 | D:4      | Found a runed translucent door.
  4996 | D:4      | Noticed llahlahkje's ghost (amateur DsMo)
  5025 | D:4      | Found Tafiud's General Store.
  5118 | D:4      | Found Yntar's Weapon Shoppe.
  5124 | D:4      | Noticed Dowan
  5125 | D:4      | Noticed Duvessa
  5134 | D:4      | Killed Duvessa
  5134 | D:4      | HP: 2/41 [Dowan/shard of ice (14)]
  5135 | D:4      | Reached skill level 5 in Stealth
  5135 | D:4      | Reached skill level 5 in Spellcasting
  5136 | D:4      | Killed Dowan
  5391 | D:4      | Reached XP level 8. HP: 44/46 MP: 10/16
  5515 | D:4      | Found a bloodstained altar of Trog.
  5628 | D:4      | Found a white marble altar of Elyvilon.
  5826 | D:4      | Learned a level 3 spell: Stone Arrow
  5879 | D:4      | Found a staircase to the Ecumenical Temple.
  5884 | Temple   | Entered the Ecumenical Temple
  6325 | D:4      | Found a basalt altar of Yredelemnul.
  6538 | D:4      | Reached skill level 1 in Conjurations
  6750 | D:4      | Found Tiqun's Assorted Antiques.
  6889 | Temple   | Became a worshipper of Gozag Ym Sagoz the Greedy
  7172 | D:5      | Found a sacrificial altar of Ru.
  7172 | D:5      | Found a radiant altar of Vehumet.
  7313 | D:5      | Reached XP level 9. HP: 52/52 MP: 14/18
  7410 | D:4      | Bought a glimmering dagger for 210 gold pieces
  7410 | D:4      | Identified the +2 dagger "Faabu" {flame, Drain rC- Str+2
                  | Dex+9} (You bought it in a shop on level 4 of the Dungeon)
  8202 | D:6      | Found a broken altar of Ashenzari.
  8211 | D:6      | Found a shimmering altar of Xom.
  8226 | D:6      | Found Enkokk's Overcharged Wands.
  9162 | D:7      | Reached skill level 5 in Fighting
  9864 | D:7      | Reached XP level 10. HP: 59/59 MP: 19/21
 10083 | D:4      | Bought a crooked runed staff for 360 gold pieces
 10525 | D:7      | Learned a level 2 spell: Ensorcelled Hibernation
 11862 | D:8      | Found an iron altar of Okawaru.
 12810 | D:8      | Found a staircase to the Lair.
 12963 | D:9      | Reached XP level 11. HP: 62/66 MP: 19/24
 13346 | D:9      | Found a glowing golden altar of the Shining One.
 13349 | D:9      | Found a stormy altar of Qazlal.
 13715 | D:9      | Reached skill level 1 in Armour
 13715 | D:9      | Reached skill level 1 in Hexes
 13715 | D:9      | Reached skill level 1 in Ice Magic
 13827 | D:9      | Learned a level 3 spell: Swiftness
 14160 | D:5      | Bought a scroll of acquirement for 572 gold pieces
 14160 | D:5      | Acquired a +7 quick blade
 14398 | D:9      | Found an ornate altar of the Wu Jian Council.
 14539 | D:10     | Entered Level 10 of the Dungeon
 14629 | D:10     | Reached skill level 1 in Short Blades
 14629 | D:10     | Reached skill level 1 in Air Magic
 14631 | D:10     | Noticed a deep elf zephyrmancer
 14737 | D:10     | Killed a deep elf zephyrmancer
 14808 | D:10     | Identified the +3 leather armour "Jetufah" {rElec rC- Str+5
                  | Stlth-}
 14811 | D:10     | Noticed a boulder beetle
 15244 | D:4      | Bought a scroll labelled GIOCUN TILO for 30 gold pieces
 15282 | D:4      | Bought a scroll of identify for 26 gold pieces
 15341 | D:4      | Bought a +0 cloak for 49 gold pieces
 15420 | D:5      | Bought a scroll of identify for 22 gold pieces
 15420 | D:5      | Bought a scroll of teleportation for 33 gold pieces
 15420 | D:5      | Bought a scroll of identify for 22 gold pieces
 15420 | D:5      | Bought a scroll of teleportation for 33 gold pieces
 15947 | D:10     | Found a staircase to the Orcish Mines.
 16710 | Lair:1   | Entered Level 1 of the Lair of Beasts
 16716 | Lair:1   | Reached skill level 10 in Spellcasting
 16807 | Lair:1   | Reached skill level 10 in Stealth
 16980 | Lair:1   | HP: 3/67 [black mamba (12)]
 16983 | Lair:1   | Slain by a black mamba

Illustrated notes

Levels and vault maps discovered:
D:1:      nzn_arrival_settlement, layout_loops_ring, grunt_decor_resistance,
          nicolae_figureground_sparkle
D:2:      layout_basic, uniq_jessica, uniq_sigmund
D:3:      layout_basic
D:4:      layout_rooms, lemuel_mausoleum_altar_yredelemnul,
          grunt_temple_overflow_open, minmay_temple_entry_proselytizer,
          serial_shops, shop, nicolae_square_shop, nicolae_shop_window_shopping,
          nicolae_shop_advertising_works [nicolae_subvault_shop_adworks],
          hellmonk_ghost_happy_afterlife, st_stairs_1, uniq_duvessa
D:5:      nicolae_cairo_tiling_large_dashed, layout_basic,
          gammafunk_temple_overflow_wave, fedhas_ov_isle_minmay, serial_shops,
          shop, minmay_misc_feat_x, nrook_mini_backslash
D:6:      corexii_shack_village, layout_loops_ring,
          mainiacjoe_overflow_catwalk_spiral, minmay_misc_feat_columns,
          nicolae_shop_overcharged_wands
D:7:      layout_gridville, mrwooster_statue_mirror
D:8:      layout_layer_cave, okawaru_trees_1, grunt_lair_entry_orc_guard_hut
D:9:      layout_loops_ring, nicolae_wu_jian_glorious_leap,
          jmf_multi_god_temple, hangedman_abyss_or_decor_clamps
D:10:     layout_long_grid, minmay_orc_entry_temple_small, hangedman_stone_soup,
          blue_anna_alchemist
Temple:   dpeg_chambers_temple
Lair:1:   layout_hall_layers, portal_ice_cave_entry_ice_simulacra,
          small_statue_intersection, beast_lair_carwin_2

Skill      XL: |  1  2  3  4  5  6  7  8  9 10 11 |
---------------+----------------------------------+-----
Fighting       | 1 2 3 4 5 6 7 |  7.4
Stealth        | 3 4 5 6 7 8 10 | 10.1
Spellcasting   | 3 4 5 6 7 9 10 | 10.1
Earth Magic    | 4 5 6 7 9 |  9.8
Conjurations   | 1 3 4 |  4.6
Armour         | 2 |  2.4
Hexes          | 1 |  1.0
Ice Magic      | 1 |  1.0
Short Blades   | 3 |  3.0
Air Magic      | 2 |  2.3
Dodging        | |  2.4
Transmutations | |  1.0

Action                   |  1- 3 |  4- 6 |  7- 9 | 10-12 || total
-------------------------+-------+-------+-------+-------++-------
Melee: Unarmed           |     7 |       |       |       ||     7
       Dagger            |    12 |     5 |     9 |       ||    26
       Quick blade       |       |       |       |     7 ||     7
 Cast: Sandblast         |    41 |    39 |   181 |   226 ||   487
       Stone Arrow       |       |       |       |     1 ||     1
       Swiftness         |       |       |       |     1 ||     1
  Use: Potion            |     1 |       |     3 |     6 ||    10
       Scroll            |       |     4 |     4 |    16 ||    24
 Stab: Sleeping          |     8 |     3 |     6 |     2 ||    19
Armor: Robe              |    10 |     1 |    10 |       ||    21
       Leather armour    |       |       |       |    34 ||    34
Dodge: Dodged            |    18 |    10 |    67 |   112 ||   207
